 Dungeon Crawl Stone Soup version 0.28.0-53-g5a82cb258f (webtiles) character file.

Game seed: 13297091078574386173

228 nickcage the Slasher (level 6, -2/47 HPs)
             Began as a Formicid Gladiator on June 27, 2022.
             Succumbed to a water moccasin's poison
             ... on level 4 of the Dungeon.
             The game lasted 00:08:03 (3586 turns).

nickcage the Slasher (Formicid Gladiator)           Turns: 3586, Time: 00:08:03

Health: -2/47      AC:  6    Str: 21    XL:     6   Next: 22%
Magic:  6/6        EV: 10    Int:  7    God:
Gold:   114        SH:  0    Dex: 12    Spells: 5/5 levels left

rFire   . . .      SeeInvis +   a - +0 long sword
rCold   . . .      Faith    .   (no shield)
rNeg    . . .      Spirit   .   g - +0 scale mail
rPois   .          Reflect  .   (helmet unavailable)
rElec   .          Harm     .   (no cloak)
rCorr   .          Rampage  .   (no gloves)
Will    .....                   (no boots)
Stlth   ..........              i - amulet of regeneration
HPRegen 0.95/turn               (no ring)
MPRegen 0.10/turn               (no ring)

@: lethally poisoned (-2 -> -12), invisible
A: permanent stasis, dig shafts and tunnels, antennae 3, four strong arms
a: Dig, Shaft Self


You were on level 4 of the Dungeon.
You visited 1 branch of the dungeon, and saw 4 of its levels.

You collected 114 gold pieces.

Inventory:

Hand Weapons
 a - a +0 long sword (weapon)
 m - a +4 flail
Missiles
 c - 2 throwing nets
 n - 9 poisoned darts (quivered)
Armour
 b - a +0 leather armour
 g - a +0 scale mail (worn)
Jewellery
 i - an amulet of regeneration (around neck)
Wands
 j - a wand of polymorph (8)
Scrolls
 d - a scroll of silence {unknown}
 f - 2 scrolls of identify {unknown}
 k - a scroll of teleportation {unknown}
 l - a scroll of magic mapping {unknown}
Potions
 h - a potion of heal wounds {unknown}


   Skills:
 + Level 3.0 Fighting
 * Level 6.2 Long Blades
 - Level 2.0 Throwing
 - Level 2.6 Dodging


You had 5 spell levels left.
You didn't know any spells.
Your spell library contained the following spells:

 Spells                   Type           Power      Damage    Failure   Level
 Beastly Appendage        Tmut           0%         N/A       80%         1
 Wereblood                Tmut           0%         N/A       90%         2
 Spider Form              Tmut/Pois      0%         N/A       99%         3


Dungeon Overview and Level Annotations

Branches:
Dungeon (4/15)
 Temple: D:4-7

Altars:


Innate Abilities, Weirdness & Mutations

You cannot be hasted, slowed, berserked, paralysed or teleported.
You can dig through walls and to a lower floor.
You have a pair of large antennae on your head. (SInv)
Your four strong arms can wield two-handed weapons with a shield.


Message History

You feel sick. The water moccasin bites you.
You closely miss the water moccasin.
The water moccasin is moderately wounded.
You feel sick. The water moccasin barely misses you.
The water moccasin bites you.
You hit the water moccasin.
The water moccasin is moderately wounded.
You feel sick. The water moccasin closely misses you.
You completely miss the water moccasin.
The water moccasin is moderately wounded.
You feel sick. The water moccasin barely misses you.
The water moccasin bites you but does no damage.
You closely miss the water moccasin.
The water moccasin is moderately wounded.
You feel sick.
You are no longer poisoned.
The water moccasin bites you!
* * * LOW HITPOINT WARNING * * *
You are poisoned.
The water moccasin poisons you!
You closely miss the water moccasin.
The water moccasin is moderately wounded.
* * * LOW HITPOINT WARNING * * *
You feel very sick. The water moccasin closely misses you.
The water moccasin barely misses you.
* * * LOW HITPOINT WARNING * * *
You feel very sick.
It was a potion of invisibility.
You fade into invisibility!
You feel sick. The water moccasin closely misses you.
You feel sick. The water moccasin closely misses you.
You feel sick.
You feel sick. The water moccasin barely misses you.
You feel sick.
You feel sick.
You feel sick. The water moccasin bites you.
* * * LOW HITPOINT WARNING * * *
You are lethally poisoned!
The water moccasin poisons you!
You die...

## ... ..(. ....(
...^..##################
......'(.....S.....)....
......######..S.........
..... #..........# ####
#..<.@.....#
#..........#
#..........#
#..........#
############


You could see a water moccasin and an adder.

Vanquished Creatures
  Jessica (D:3)
  Natasha (thrice) (D:3)
  3 gnolls (D:3)
  2 adders (D:3)
  3 dart slugs (D:1)
  A worm (D:2)
  8 ball pythons
  10 bats
  3 endoplasms
  4 giant cockroaches
  5 goblins
  6 hobgoblins
  2 jackals (D:2)
  6 quokkas
  6 frilled lizards
  7 kobolds
  3 rats
73 creatures vanquished.

Vanquished Creatures (others)
  8 plants (D:3)
8 creatures vanquished.

Grand Total: 81 creatures vanquished

Notes
Turn   | Place    | Note
-------+----------+-------------------------------------------
     0 | D:1      | nickcage the Formicid Gladiator began the quest for the
                  | Orb.
     0 | D:1      | Reached XP level 1. HP: 16/16 MP: 1/1
    42 | D:1      | Reached XP level 2. HP: 11/22 MP: 2/2
   498 | D:1      | Reached XP level 3. HP: 25/28 MP: 3/3
   548 | D:1      | Reached skill level 4 in Long Blades
   918 | D:1      | Found a faded altar of an unknown god.
  1398 | D:2      | You fall into a shaft and drop 1 floor!
  1454 | D:3      | Noticed Jessica
  1470 | D:3      | Killed Jessica
  1471 | D:3      | Reached XP level 4. HP: 32/34 MP: 4/4
  1595 | D:3      | Reached skill level 5 in Long Blades
  1697 | D:3      | Noticed Natasha
  1710 | D:3      | Killed Natasha
  1711 | D:3      | Reached XP level 5. HP: 19/39 MP: 5/5
  1945 | D:3      | Noticed Natasha
  1954 | D:3      | Killed Natasha
  1974 | D:3      | HP: 1/40 [gnoll/+4 flail (6)]
  2065 | D:3      | Noticed Natasha
  3154 | D:3      | Reached XP level 6. HP: 34/46 MP: 6/6
  3161 | D:3      | Reached skill level 6 in Long Blades
  3215 | D:3      | Killed Natasha
  3560 | D:4      | Noticed a water moccasin
  3585 | D:4      | HP: 2/47 [poisoned by a water moccasin]
  3586 | D:4      | Succumbed to a water moccasin's poison

Illustrated notes

Levels and vault maps discovered:
D:1:      psy_arrival_terrarium, layout_basic,
          shapermc_ecumenical_altar_mp_vishouse
D:2:      layout_loops_corners, serial_glass, glass_columns_c, glass_columns_c,
          nicolae_figureground_sparkle
D:3:      layout_loops_ring, dk_noncrumbling_2, serial_bayou_lake_a,
          uniq_natasha, uniq_jessica
D:4:      layout_basic

Skill      XL: |  1  2  3  4  5  6 |
---------------+-------------------+-----
Long Blades    | 4 5 6 |  6.2
Fighting       | 3 |  3.0
Throwing       | |  2.0
Dodging        | |  2.6

Action                   |  1- 3 |  4- 6 || total
-------------------------+-------+-------++-------
Melee: Long sword        |    82 |   172 ||   254
       Punch             |     1 |       ||     1
Throw: Throwing net      |       |     1 ||     1
       Dart              |       |     2 ||     2
  Use: Potion            |       |     1 ||     1
Armor: Leather armour    |    23 |       ||    23
       Scale mail        |     1 |    98 ||    99
Dodge: Dodged            |    48 |   126 ||   174
